 Dungeon Crawl Stone Soup version 0.24.0-29-g8ce449bc06 (webtiles) character file.

Game seed: 8190940040304582513, levelgen mode: deterministic

4738 Flugslaktarn the Cleaver (level 10, -3/92 HPs)
             Began as a Deep Dwarf Fighter on Nov 15, 2019.
             Was a Priest of Makhleb.
             Slain by a two-headed ogre
             ... wielding a +0 dire flail
              (22 damage)
             ... on level 9 of the Dungeon.
             The game lasted 00:04:49 (4459 turns).

Flugslaktarn the Cleaver (Deep Dwarf Fighter)       Turns: 4459, Time: 00:04:50

Health: -3/92      AC:  8    Str: 23    XL:     10   Next: 22%
Magic:  5/5        EV: 10    Int:  9    God:    Makhleb [***...]
Gold:   296        SH:  0    Dex: 12    Spells: 9/9 levels left

rFire    . . .     SeeInvis +   r - +3 battleaxe (elec)
rCold    . . .     Gourm    .   (shield currently unavailable)
rNeg     . . .     Faith    .   b - +0 scale mail
rPois    +         Spirit   .   (no helmet)
rElec    .         Reflect  .   (no cloak)
rCorr    .         Harm     .   (no gloves)
MR       +....                  (no boots)
Stlth    ..........             (no amulet)
HPRegen  0.00/turn              o - ring of poison resistance
MPRegen  0.09/turn              i - ring of see invisible

@: non-regenerating
A: damage resistance, heal wounds, sense surroundings 2, no regeneration
a: Heal Wounds, Minor Destruction, Lesser Servant of Makhleb, Renounce Religion


You were on level 9 of the Dungeon.
You worshipped Makhleb.
Makhleb was most pleased with you.
You were not hungry.

You visited 2 branches of the dungeon, and saw 10 of its levels.

You collected 296 gold pieces.

Inventory:

Hand Weapons
 a - a +5 war axe
   (You took it off a wight on level 7 of the Dungeon)
 r - a +3 battleaxe of electrocution (weapon)
   (You acquired it on level 9 of the Dungeon)
 x - a +1 broad axe
   (You found it on level 4 of the Dungeon)
Missiles
 m - 3 throwing nets (quivered)
Armour
 b - a +0 scale mail (worn)
 c - a +0 shield
Jewellery
 f - an uncursed ring of protection from fire
   (You found it on level 4 of the Dungeon)
 i - a ring of see invisible (right hand)
   (You found it on level 8 of the Dungeon)
 o - a ring of poison resistance (left hand)
   (You found it on level 6 of the Dungeon)
Scrolls
 k - a scroll of fog
 s - a scroll of silence
 t - 6 scrolls of teleportation
 w - 2 scrolls of remove curse
 y - a scroll of immolation
 C - a scroll of blinking {unknown}
Potions
 d - 2 potions of might
 g - a potion of invisibility
 h - 2 potions of haste
 j - 3 potions of brilliance
 l - 2 potions of mutation
 n - 5 potions of heal wounds
 p - a potion of agility {unknown}
 q - 3 potions of curing
 v - a potion of ambrosia {unknown}
 z - 2 potions of lignification {unknown}
 B - 2 potions of degeneration {unknown}
 E - 4 potions of flight
Comestibles
 e - 16 rations
 F - 17 chunks of flesh


   Skills:
 + Level 6.5 Fighting
 * Level 10.3 Axes
 + Level 7.8 Armour
 + Level 1.4 Dodging
 - Level 7.6 Shields
 + Level 5.0 Invocations


You had 9 spell levels left.
You didn't know any spells.
Your spell library was empty.

Dungeon Overview and Level Annotations

Branches:
Dungeon (9/15)             Temple (1/1) D:5            Lair (0/6) D:8
    Orc: D:9-12

Altars:
Cheibriados
Dithmenos
Fedhas
Gozag
Hepliaklqana
Kikubaaqudgha
Makhleb
Okawaru
Ru
Sif Muna
Uskayaw
Vehumet
Wu Jian
Xom
Zin

Annotations:
D:6 Dowan, Duvessa


Innate Abilities, Weirdness & Mutations

You are resistant to damage.
You can heal yourself by infusing magical energy.
You passively map the area around you.
You do not regenerate.


Message History

The two-headed ogre is moderately wounded.
The two-headed ogre hits you with a +0 dire flail!!
* * * LOW HITPOINT WARNING * * *
The two-headed ogre hits you with a +0 giant club!
* * * LOW HITPOINT WARNING * * *
You are too injured to fight recklessly!
You are too injured to fight recklessly!
You are too injured to fight recklessly!
You are too injured to fight recklessly!
You are too injured to fight recklessly!
You are too injured to fight recklessly!
You are too injured to fight recklessly!
You are too injured to fight recklessly!
You are too injured to fight recklessly!
You are too injured to fight recklessly!
You feel much better.
The two-headed ogre hits you with a +0 dire flail!
* * * LOW HITPOINT WARNING * * *
The two-headed ogre hits you with a +0 giant club!!
You die...

* * *
,* *
** ,*
* ** *
### ,
, ,
..# *
**
***#.#
#.#
#O#
#@#
#.#
#.#
#.#
#.#
#.####
#....#
,
####.#
#.#


You could see a two-headed ogre.

Vanquished Creatures
  A troll (shapeshifter) (D:9)
  A hippogriff (D:7)
  A wyvern (D:8)
  Eustachio (D:6)
  Sigmund (D:4)
  4 ice beasts
  A black bear (D:7)
  3 orc warriors
  A hornet zombie (D:6)
  A phantom (D:7)
  6 ogres
  7 centaurs
  A big kobold (D:7)
  4 bullfrogs
  Blork the orc (D:8)
  2 gnoll sergeants (D:8)
  A water moccasin skeleton (D:7)
  5 wights
  2 crimson imps
  A bullfrog zombie (D:9)
  5 hounds
  4 orc priests
  2 bullfrog skeletons
  5 orc wizards
  Terence (D:2)
  3 iguanas
  10 worker ants
  A hound skeleton (D:4)
  6 gnolls (D:5)
  2 howler monkey skeletons
  8 adders
  2 shadow imps
  2 oozes (D:3)
  An adder skeleton (D:7)
  2 adder zombies
  2 dart slugs
  5 leopard geckos
  17 orcs
  A ball python (D:3)
  3 goblins
  3 hobgoblins (D:3)
  4 jackals (D:9)
  5 quokkas
  3 bats
  2 frilled lizards
  3 kobolds (D:1)
  A quokka skeleton (D:3)
  A rat (D:2)
149 creatures vanquished.

Notes
Turn   | Place    | Note
-------+----------+-------------------------------------------
     0 | D:1      | Flugslaktarn the Deep Dwarf Fighter began the quest for the
                  | Orb.
     0 | D:1      | Reached XP level 1. HP: 20/20 MP: 1/1
    77 | D:2      | Reached XP level 2. HP: 27/27 MP: 2/2
    93 | D:2      | Noticed Terence
   111 | D:2      | Killed Terence
   111 | D:2      | Reached skill level 3 in Axes
   111 | D:2      | Reached XP level 3. HP: 31/34 MP: 2/2
   330 | D:3      | You fall into a shaft and drop 3 floors!
   338 | D:6      | Reached XP level 4. HP: 31/42 MP: 3/3
   439 | D:6      | Noticed a centaur
   441 | D:6      | Noticed an ice beast
   465 | D:6      | HP: 1/42 [centaur (2)]
   468 | D:6      | Killed an ice beast
   468 | D:6      | Reached skill level 4 in Axes
   468 | D:6      | Reached XP level 5. HP: 22/49 MP: 4/4
   469 | D:6      | Killed a centaur
   469 | D:6      | Reached XP level 6. HP: 21/56 MP: 5/5
   491 | D:5      | Entered Level 5 of the Dungeon
   561 | D:5      | Reached skill level 5 in Axes
   606 | D:5      | Found a staircase to the Ecumenical Temple.
   666 | Temple   | Entered the Ecumenical Temple
   754 | Temple   | Became a worshipper of Makhleb the Destroyer
   894 | D:4      | HP: 1/57 [ogre/+0 giant club (21)]
   902 | D:4      | Reached XP level 7. HP: 43/64 MP: 6/6
   939 | D:4      | Reached skill level 5 in Armour
   939 | D:4      | Reached skill level 5 in Shields
  1023 | D:4      | Noticed Sigmund
  1033 | D:4      | Killed Sigmund
  1033 | D:4      | Reached skill level 6 in Axes
  1554 | D:4      | Reached XP level 8. HP: 68/73 MP: 4/4
  1622 | D:3      | Reached * piety under Makhleb
  2075 | D:5      | Reached skill level 7 in Axes
  2324 | D:6      | Noticed Eustachio
  2341 | D:6      | Killed Eustachio
  2341 | D:6      | Reached skill level 5 in Fighting
  2346 | D:6      | Noticed Duvessa
  2347 | D:6      | Noticed Dowan
  2372 | D:6      | HP: 2/74 [Duvessa/+5 rapier of electrocution (6)]
  2381 | D:6      | You fall into a shaft and drop 1 floor!
  2415 | D:7      | Reached skill level 8 in Axes
  2453 | D:7      | Gained mutation: You passively map the area around you.
                  | [Deep Dwarf growth]
  2453 | D:7      | Reached XP level 9. HP: 41/81 MP: 3/3
  2488 | D:7      | Reached skill level 1 in Invocations
  2761 | D:6      | Reached skill level 9 in Axes
  2958 | D:7      | Reached ** piety under Makhleb
  3521 | D:8      | Found the +11 plutonium sword {*Contam Stlth-}
  3523 | D:8      | Noticed Blork the orc
  3535 | D:8      | Killed Blork the orc
  3624 | D:8      | Found a staircase to the Lair.
  4171 | D:8      | Found a blossoming altar of Fedhas.
  4227 | D:9      | Reached XP level 10. HP: 58/91 MP: 6/6
  4233 | D:9      | Identified a scroll of acquirement
  4250 | D:9      | Reached skill level 10 in Axes
  4328 | D:9      | Reached skill level 1 in Dodging
  4364 | D:9      | Reached *** piety under Makhleb
  4446 | D:9      | Reached skill level 5 in Invocations
  4454 | D:9      | Noticed a two-headed ogre
  4459 | D:9      | Slain by a two-headed ogre

Levels and vault maps discovered:
D:1:      matt_arrival_grand_opening, layout_loops_ring, grunt_decor_arrowhead,
          roderic_filled_cross
D:2:      layout_basic, uniq_terence
D:3:      layout_loops_ring
D:4:      minmay_inner_zag, layout_loops_corners, uniq_sigmund
D:5:      layout_cave_pools, minmay_temple_entry_ruins, first_ration
D:6:      layout_rooms, nicolae_tso_carved_into_rock, uniq_duvessa,
          uniq_eustachio
D:7:      layout_cave_pools, minmay_fractal_squares_diagonal_5
D:8:      layout_gridville, lemuel_doored_altar, lair_entry_dummy,
          sword_in_stone
D:9:      layout_loops_ring, david_orc_1_choice, serial_shops,
          nicolae_shop_crystal
Temple:   regret_index_temple_chain_breaker

Skill      XL: |  1  2  3  4  5  6  7  8  9 10 |
---------------+-------------------------------+-----
Fighting       | 3 4 5 6 |  6.5
Axes           | 3 4 5 6 8 9 10 | 10.3
Armour         | 4 5 6 7 |  7.8
Shields        | 4 5 6 7 |  7.6
Invocations    | 4 5 |  5.0
Dodging        | 1 |  1.4

Action                   |  1- 3 |  4- 6 |  7- 9 | 10-12 || total
-------------------------+-------+-------+-------+-------++-------
Melee: War axe           |    81 |    73 |   106 |       ||   260
       Broad axe         |       |       |   270 |       ||   270
       Battleaxe         |       |       |       |    50 ||    50
 Abil: Heal Wounds       |     1 |    11 |    22 |     5 ||    39
  Use: Potion            |       |       |     1 |       ||     1
       Scroll            |       |       |    12 |     6 ||    18
  Eat: Chunk             |       |       |    12 |     1 ||    13
Armor: Scale mail        |    37 |    37 |   106 |    19 ||   199
Dodge: Dodged            |    25 |    36 |   115 |    31 ||   207
Block: Shield            |    49 |    49 |   195 |       ||   293
